[Event "Sunday 29 April 2nd Tour 7+2 Rounds 9 Starts 2200 ST"]
[Site "Infinity Chess"]
[Date "2018.4.30"]
[Round "7"]
[White "star99"]
[Black "Dovahkiin"]
[Result "1/2-1/2"]
[ECO "D05"]
[WhiteElo "2520"]
[BlackElo "2477"]
[WhiteEngine "Cryptic Heroes 9.4B"]
[BlackEngine "BrainFish_180423_x64_modern_CTG"]
[EventType "Swiss"]
[WhiteTeam ""]
[BlackTeam ""]
[PlyCount "148"]
[TimeControl "420+2"]

1. d4 d5 2. Nf3 Nf6 3. e3 e6 4. c4 Be7 5. Be2 O-O 6. O-O dxc4 7. Bxc4 c5 
8. dxc5 Bxc5 9. b3 b6 10. Qe2 Qe7 11. Bb2 Bb7 12. a3 Bd6 13. Nbd2 Nbd7 
14. Ba6 Bxa6 15. Qxa6 Nc5 16. Qc4 e5 17. Rac1 a5 18. Rc2 Rfd8 19. h3 Qe8 
20. Rd1 Bc7 21. b4 axb4 22. axb4 Ra4 23. Ra1 Bb8 24. Ng5 Rxa1+ 25. Bxa1 Na4 
26. Nge4 Nxe4 27. Nxe4 b5 28. Qe2 f6 29. Rc1 h6 30. Qg4 Kh8 31. Qf5 Kg8 
32. Bc3 Qd7 33. g4 Qxf5 34. gxf5 Bd6 35. Bd2 Nb6 36. Rc6 Nc4 37. Bc3 Rd7 
38. Rc8+ Kf7 39. Kf1 g6 40. fxg6+ Kxg6 41. Ke2 Kf5 42. Ng3+ Ke6 43. Ra8 Be7 
44. e4 Nd6 45. Ra6 Kf7 46. Ra8 Rc7 47. Kd3 Rd7 48. Ke2 Rc7 49. Kd3 h5 50. f3 Rd7 
51. Ke2 Rc7 52. Kd3 Rd7 53. Nxh5 Nf5+ 54. Ke2 Nd4+ 55. Bxd4 Rxd4 56. Ng3 Rxb4 
57. Nf5 Rb2+ 58. Kd3 Bf8 59. Ra7+ Kg6 60. Rb7 Rf2 61. Ke3 Bc5+ 62. Kd3 Rxf3+ 
63. Kd2 Ra3 64. Rxb5 Ra2+ 65. Kd3 Bf2 66. Rb7 Kg5 67. Rb8 Kf4 68. Rf8 Be1 
69. Rxf6 Rd2+ 70. Kc4 Kxe4 71. Nd6+ Rxd6 72. Rxd6 Kf3 73. Kd5 e4 74. Rf6+ Kg2 
1/2-1/2

[Event "Sunday 29 April 2nd Tour 7+2 Rounds 9 Starts 2200 ST"]
[Site "Infinity Chess"]
[Date "2018.4.29"]
[Round "6"]
[White "Dovahkiin"]
[Black "ludimilojko"]
[Result "1-0"]
[ECO "C77"]
[WhiteElo "2466"]
[BlackElo "2345"]
[WhiteEngine "BrainFish_180423_x64_modern_CTG"]
[BlackEngine "stockfish_18042907_x64_CTG"]
[EventType "Swiss"]
[WhiteTeam ""]
[BlackTeam ""]
[PlyCount "171"]
[TimeControl "420+2"]

1. e4 e5 2. Nf3 Nc6 3. Bb5 a6 4. Ba4 Nf6 5. O-O Nxe4 6. d4 b5 7. Bb3 d5 
8. dxe5 Be6 9. c3 Bc5 10. Qd3 O-O 11. Be3 Re8 12. Rd1 Na5 13. Nbd2 Nxd2 
14. Rxd2 Bxe3 15. Qxe3 c6 16. h3 Qc7 17. Qd3 Nc4 18. Re2 Qe7 19. Bc2 g6 
20. Qd4 Kg7 21. Bd3 c5 22. Qf4 Nb6 23. h4 h6 24. Qg3 Rad8 25. b3 Kh8 26. a4 bxa4 
27. bxa4 Ra8 28. Rb2 Nd7 29. Rb7 a5 30. Rab1 Reb8 31. Bc2 Qf8 32. R7b5 Qg7 
33. R1b2 Re8 34. Rb1 Kg8 35. Rb7 Rab8 36. Bd3 h5 37. Ba6 Red8 38. R7b5 Qf8 
39. Bb7 Qe7 40. Ng5 Bf5 41. Re1 Be6 42. f4 Kh8 43. Bc6 Nf8 44. Reb1 Rxb5 
45. axb5 Bf5 46. Ra1 d4 47. cxd4 cxd4 48. Qa3 Qxa3 49. Rxa3 Kg8 50. Nf3 d3 
51. Nd2 Ne6 52. Rxa5 Nd4 53. Kf2 Kf8 54. Ra6 Rb8 55. Ra4 Nxc6 56. bxc6 Rb2 
57. Ke3 Rc2 58. Rc4 Ke7 59. c7 Ke8 60. Ne4 Rxc4 61. Nd6+ Kd7 62. Nxc4 Kxc7 
63. Nd6 Be6 64. Kxd3 Bd5 65. Ne4 Be6 66. Ke3 Kd7 67. Nc5+ Kc6 68. Nxe6 fxe6 
69. Ke2 Kd5 70. Kd3 Kc6 71. Kc4 Kb6 72. Kb4 Kc6 73. Ka5 Kc5 74. g3 Kd4 
75. Kb6 Kd5 76. Kc7 Ke4 77. Kd6 Kf5 78. Kd7 Kg4 79. Kxe6 Kxg3 80. f5 g5 
81. hxg5 h4 82. g6 h3 83. g7 h2 84. g8=Q+ Kf2 85. Qh7 Kg2 86. f6 1-0

[Event "Sunday 29 April 2nd Tour 7+2 Rounds 9 Starts 2200 ST"]
[Site "Infinity Chess"]
[Date "2018.4.29"]
[Round "6"]
[White "ocirema"]
[Black "Katzenmaier"]
[Result "1/2-1/2"]
[ECO "C50"]
[WhiteElo "2463"]
[BlackElo "2514"]
[WhiteEngine "asmFishW_9_popcnt"]
[BlackEngine "Raubfisch X38b1"]
[EventType "Swiss"]
[WhiteTeam ""]
[BlackTeam ""]
[PlyCount "112"]
[TimeControl "420+2"]

1. e4 e5 2. Nf3 Nc6 3. Bc4 Bc5 4. O-O Nf6 5. d3 d6 6. c3 a5 7. Nbd2 O-O 
8. Re1 h6 9. Nf1 Be6 10. Bb5 Ne7 11. d4 Bb6 12. Be3 Nxe4 13. dxe5 Bxe3 
14. Rxe3 Ng5 15. Nxg5 hxg5 16. Bd3 g6 17. Bc2 dxe5 18. Rxe5 Qxd1 19. Rxd1 Nf5 
20. Bxf5 gxf5 21. Ng3 Rfd8 22. Rde1 Rd2 23. a3 Rxb2 24. Nxf5 Ra2 25. Nd4 g4 
26. Nxe6 fxe6 27. Rxe6 Rxa3 28. Rg6+ Kf7 29. Rxg4 Re8 30. Rf4+ Kg6 31. Rd1 Rxc3 
32. h4 Ra8 33. Rd5 Rc6 34. Ra4 b6 35. g4 Rd6 36. h5+ Kh7 37. Re5 Rd7 38. Rb5 Ra6 
39. g5 c6 40. Re5 Ra8 41. Ra1 b5 42. Re6 a4 43. Rh6+ Kg8 44. Rxc6 b4 45. Rb6 Rd5 
46. f4 Rd4 47. Kg2 a3 48. Kg3 Rf8 49. Rg6+ Kh7 50. Rh6+ Kg7 51. Rg6+ Kh8 
52. Rf1 b3 53. Rh6+ Kg7 54. Rg6+ Kh8 55. Rh6+ Kg7 56. Rg6+ Kh8 1/2-1/2

[Event "Sunday 29 April 2nd Tour 7+2 Rounds 9 Starts 2200 ST"]
[Site "Infinity Chess"]
[Date "2018.4.29"]
[Round "6"]
[White "fsher"]
[Black "Gilgamesch"]
[Result "1/2-1/2"]
[ECO "B90"]
[WhiteElo "2387"]
[BlackElo "2537"]
[WhiteEngine "stockfish_17060619_x64_modern_CTG"]
[BlackEngine "BrainFish_180408_x64_bmi2"]
[EventType "Swiss"]
[WhiteTeam ""]
[BlackTeam ""]
[PlyCount "83"]
[TimeControl "420+2"]

1. e4 c5 2. Nf3 d6 3. d4 cxd4 4. Nxd4 Nf6 5. Nc3 a6 6. Be3 e5 7. Nb3 Be6 
8. f3 Nbd7 9. Qd2 Be7 10. g4 O-O 11. O-O-O b5 12. g5 Nh5 13. Nd5 Bxd5 
14. exd5 f6 15. gxf6 Bxf6 16. Na5 Qe8 17. Bh3 Nf4 18. Bxf4 exf4 19. Rhe1 Ne5 
20. Re4 Qh5 21. Be6+ Kh8 22. Qe2 Qg6 23. Kb1 Bd8 24. Nc6 Nc4 25. a3 Bb6 
26. Nb4 Ra7 27. Bg4 Ne3 28. Re1 Raa8 29. Be6 Nc4 30. c3 Be3 31. Rd1 a5 
32. Nc6 Bc5 33. Ka2 Ne3 34. Rd2 Nc4 35. Rd3 Ne3 36. Bd7 Qf7 37. Re7 Qg6 
38. Re4 Qf7 39. Be6 Qg6 40. Rd2 Nc4 41. Rd1 Ne3 42. Rd2 1/2-1/2

[Event "Sunday 29 April 2nd Tour 7+2 Rounds 9 Starts 2200 ST"]
[Site "Infinity Chess"]
[Date "2018.4.29"]
[Round "6"]
[White "klasman"]
[Black "CoffeeOne"]
[Result "1/2-1/2"]
[ECO "C50"]
[WhiteElo "2509"]
[BlackElo "2547"]
[WhiteEngine "asmFishW_2018-04-11_popcnt_CTG"]
[BlackEngine "cfish-2018-04-29"]
[EventType "Swiss"]
[WhiteTeam ""]
[BlackTeam ""]
[PlyCount "86"]
[TimeControl "420+2"]

1. e4 e5 2. Nf3 Nc6 3. Bc4 Bc5 4. O-O Nf6 5. d3 d6 6. c3 O-O 7. h3 a5 
8. Nbd2 Ba7 9. Re1 Be6 10. Bb5 Ne7 11. Bc4 Nc6 12. b3 h6 13. Nf1 d5 
14. exd5 Nxd5 15. Bd2 Qf6 16. Rc1 Rad8 17. N1h2 Nf4 18. Bxf4 Bxc4 19. bxc4 Qxf4 
20. Qc2 f5 21. Rb1 e4 22. dxe4 Bxf2+ 23. Qxf2 fxe4 24. Qe2 exf3 25. Nxf3 Rde8 
26. Qxe8 Rxe8 27. Rxe8+ Kh7 28. Rxb7 Qc1+ 29. Kf2 Qxc3 30. Rxc7 Qxc4 
31. Kg1 Qc1+ 32. Re1 Qc5+ 33. Kf1 Qb5+ 34. Re2 a4 35. Rd7 Qb1+ 36. Kf2 Qf5 
37. Rdd2 Qc5+ 38. Kg3 Ne7 39. Re5 Qc7 40. Kf2 Qb6+ 41. Kg3 Qc7 42. Kf2 Qb6+ 
43. Kg3 Qc7 1/2-1/2

[Event "Sunday 29 April 2nd Tour 7+2 Rounds 9 Starts 2200 ST"]
[Site "Infinity Chess"]
[Date "2018.4.29"]
[Round "6"]
[White "Murx"]
[Black "star99"]
[Result "1/2-1/2"]
[ECO "A45"]
[WhiteElo "2570"]
[BlackElo "2518"]
[WhiteEngine "asmFishW_2018-04-07_popcnt"]
[BlackEngine "Cryptic Heroes 9.4B"]
[EventType "Swiss"]
[WhiteTeam ""]
[BlackTeam ""]
[PlyCount "139"]
[TimeControl "420+2"]

1. d4 Nf6 2. Bf4 d5 3. e3 c5 4. c3 Nc6 5. Nd2 Bf5 6. Ngf3 e6 7. Be2 Nd7 
8. O-O Be7 9. c4 O-O 10. cxd5 exd5 11. dxc5 Nxc5 12. Nb3 Ne6 13. Nbd4 Be4 
14. Nxe6 fxe6 15. Nd4 Nxd4 16. Qxd4 Qb6 17. Qxb6 axb6 18. Be5 Rfc8 19. Bb5 Rc2 
20. a4 Bf5 21. Rfc1 Rac8 22. Bc3 Rxc1+ 23. Rxc1 Kf7 24. f3 h5 25. Kf2 Bf6 
26. Ke2 e5 27. Rd1 Be6 28. h3 g5 29. Ke1 Rd8 30. Kf2 Ra8 31. Ra1 Rc8 32. Bd3 Bd7 
33. Bd2 Rd8 34. a5 e4 35. fxe4 dxe4 36. Bxe4 Bc6 37. Bxc6 Rxd2+ 38. Ke1 Rxb2 
39. Bd5+ Ke7 40. axb6 Rb5 41. Rd1 Rxb6 42. Ke2 Rb2+ 43. Kd3 b5 44. Rc1 Kd6 
45. e4 Be5 46. Rc6+ Kd7 47. Re6 Bd6 48. Rg6 Rxg2 49. e5 Rg3+ 50. Ke4 Be7 
51. Bc6+ Kd8 52. Bxb5 Rxh3 53. Rg8+ Kc7 54. Rg7 Kd8 55. Rg8+ Kc7 56. Rg7 Kd8 
57. Bc4 Rh4+ 58. Kd5 Rf4 59. Bb5 g4 60. Ke6 Bf8 61. Rd7+ Kc8 62. Ba6+ Kb8 
63. Rb7+ Ka8 64. Rh7 g3 65. Rxh5 Rg4 66. Bf1 g2 67. Bxg2+ Rxg2 68. Rh8 Rf2 
69. Kd7 Ka7 70. Rg8 1/2-1/2

[Event "Sunday 29 April 2nd Tour 7+2 Rounds 9 Starts 2200 ST"]
[Site "Infinity Chess"]
[Date "2018.4.29"]
[Round "5"]
[White "ludimilojko"]
[Black "ocirema"]
[Result "1/2-1/2"]
[ECO "C53"]
[WhiteElo "2340"]
[BlackElo "2468"]
[WhiteEngine "stockfish_18042907_x64_CTG"]
[BlackEngine "asmFishW_9_popcnt"]
[EventType "Swiss"]
[WhiteTeam ""]
[BlackTeam ""]
[PlyCount "141"]
[TimeControl "420+2"]

1. e4 e5 2. Nf3 Nc6 3. Bc4 Bc5 4. c3 Nf6 5. d3 d6 6. O-O a5 7. Nbd2 O-O 
8. Re1 h6 9. Nf1 Be6 10. Bb5 Ne7 11. h3 Ba7 12. d4 exd4 13. Nxd4 Bd7 
14. Bxd7 Qxd7 15. Ng3 Rfe8 16. Qf3 Kh7 17. Nh5 Nxh5 18. Qxh5 Nc6 19. Nf5 Qe6 
20. Bf4 a4 21. Qe2 Bb6 22. Qd2 Ne5 23. Qc2 Qc4 24. Be3 Qd3 25. Re2 Qxc2 
26. Rxc2 Bc5 27. Bd4 Nc6 28. Nxg7 Rxe4 29. Bxc5 Kxg7 30. f3 Re6 31. Bf2 Kg6 
32. Rd1 h5 33. Bg3 Rh8 34. b4 axb3 35. axb3 Ra8 36. b4 b6 37. Bf4 f6 38. g4 hxg4 
39. fxg4 Ra3 40. Bc1 Rb3 41. Kh2 Ne5 42. Kg2 Kf7 43. g5 Kg6 44. h4 f5 
45. Kg3 Ng4 46. Rh1 Kh5 47. Rf1 Re5 48. Bd2 Ra3 49. Bf4 Rd5 50. Rf3 Kg6 
51. Re2 Rd1 52. Re6+ Kf7 53. Re2 Rg1+ 54. Rg2 Rxg2+ 55. Kxg2 Kg6 56. Rd3 Ra1 
57. Rd2 Ra3 58. Rd3 b5 59. Kg3 Ne5 60. Re3 Ng4 61. Re6+ Kf7 62. Re2 Rxc3+ 
63. Kg2 Kg6 64. Re6+ Kf7 65. Re2 Rc4 66. Kf3 Rxb4 67. h5 Rb3+ 68. Kg2 Rb4 
69. Kf3 Rb3+ 70. Kg2 Rb4 71. Kf3 1/2-1/2

[Event "Sunday 29 April 2nd Tour 7+2 Rounds 9 Starts 2200 ST"]
[Site "Infinity Chess"]
[Date "2018.4.29"]
[Round "5"]
[White "Katzenmaier"]
[Black "Dovahkiin"]
[Result "1/2-1/2"]
[ECO "C50"]
[WhiteElo "2516"]
[BlackElo "2464"]
[WhiteEngine "Raubfisch X38b1"]
[BlackEngine "BrainFish_180423_x64_modern_CTG"]
[EventType "Swiss"]
[WhiteTeam ""]
[BlackTeam ""]
[PlyCount "116"]
[TimeControl "420+2"]

1. e4 e5 2. Nf3 Nc6 3. Bc4 Bc5 4. O-O Nf6 5. d3 d6 6. c3 O-O 7. Bg5 h6 8. Bh4 g5 
9. Bg3 a5 10. Nbd2 Ba7 11. Bb3 Nh7 12. Kh1 Qf6 13. Nc4 Qg7 14. Ne3 Nf6 
15. Rc1 Rb8 16. Bc2 Nh5 17. Nf5 Bxf5 18. exf5 Rbd8 19. Nd2 Nxg3+ 20. fxg3 f6 
21. Ba4 Qf7 22. g4 Be3 23. Rc2 Bb6 24. Qf3 d5 25. Rfc1 Rfe8 26. Qe2 Qd7 
27. Qf3 Qf7 28. Bxc6 bxc6 29. c4 a4 30. Qe2 e4 31. dxe4 Qe7 32. b3 d4 
33. Qd3 Ba5 34. c5 Bxd2 35. Rxd2 axb3 36. axb3 Qxe4 37. Qxe4 Rxe4 38. h3 Rd5 
39. Ra1 Rxc5 40. Ra7 Rd5 41. Rxc7 d3 42. Kg1 c5 43. Rc8+ Kg7 44. Rc7+ Kf8 
45. Rc6 Ke7 46. Rb6 Re1+ 47. Kf2 Rb1 48. Kf3 Rf1+ 49. Kg3 Rc1 50. Kf3 Rc2 
51. Ke3 Rc3 52. g3 Kd7 53. h4 Ke7 54. Rb7+ Ke8 55. Rb8+ Kd7 56. Rb6 Ke7 
57. Rb7+ Ke8 58. Rb6 Ke7 1/2-1/2

[Event "Sunday 29 April 2nd Tour 7+2 Rounds 9 Starts 2200 ST"]
[Site "Infinity Chess"]
[Date "2018.4.29"]
[Round "5"]
[White "Murx"]
[Black "fsher"]
[Result "1-0"]
[ECO "B19"]
[WhiteElo "2561"]
[BlackElo "2396"]
[WhiteEngine "asmFishW_2018-04-07_popcnt"]
[BlackEngine "stockfish_17060619_x64_modern_CTG"]
[EventType "Swiss"]
[WhiteTeam ""]
[BlackTeam ""]
[PlyCount "139"]
[TimeControl "420+2"]

1. e4 c6 2. d4 d5 3. Nc3 dxe4 4. Nxe4 Bf5 5. Ng3 Bg6 6. h4 h6 7. Nf3 Nd7 
8. h5 Bh7 9. Bd3 Bxd3 10. Qxd3 e6 11. Bd2 Ngf6 12. O-O-O Rc8 13. Rde1 Be7 
14. Nh4 O-O 15. Ngf5 exf5 16. Nxf5 Nd5 17. c4 Bf6 18. cxd5 cxd5+ 19. Kb1 Qb6 
20. Qa3 Rc4 21. g4 Bxd4 22. g5 hxg5 23. h6 g6 24. h7+ Kh8 25. Nxd4 Qxd4 
26. Bxg5 Rfc8 27. f3 Qg7 28. Re7 Nf6 29. b3 R4c6 30. Qxa7 Nh5 31. Be3 Kxh7 
32. Bd4 Qf8 33. Rxb7 Kg8 34. Bb2 Qc5 35. Rxf7 Qxa7 36. Rxa7 R8c7 37. Rxc7 Rxc7 
38. a4 Kf7 39. a5 Ke6 40. b4 Rb7 41. a6 Rxb4 42. a7 Ra4 43. Bd4 Ng3 44. Rh8 Nf5 
45. Bb6 Ke5 46. a8=Q Rxa8 47. Rxa8 d4 48. Kc2 Kf4 49. Kd3 Nh4 50. Ra5 Nxf3 
51. Bxd4 Nh4 52. Ra3 Nf5 53. Ra5 Kg4 54. Be5 Kf3 55. Ra6 g5 56. Rf6 Kg4 
57. Ke4 Nh6 58. Rf8 Kh5 59. Bg7 Ng4 60. Kf3 Nh2+ 61. Kg3 Kg6 62. Bd4 Kh5 
63. Kxh2 Kg4 64. Rf6 Kh4 65. Kg2 Kg4 66. Be3 Kh4 67. Kf3 g4+ 68. Kg2 g3 
69. Kf3 g2 70. Rh6# 1-0

[Event "Sunday 29 April 2nd Tour 7+2 Rounds 9 Starts 2200 ST"]
[Site "Infinity Chess"]
[Date "2018.4.29"]
[Round "5"]
[White "Gilgamesch"]
[Black "CoffeeOne"]
[Result "1/2-1/2"]
[ECO "D30"]
[WhiteElo "2537"]
[BlackElo "2547"]
[WhiteEngine "BrainFish_180408_x64_bmi2"]
[BlackEngine "cfish-2018-04-29"]
[EventType "Swiss"]
[WhiteTeam ""]
[BlackTeam ""]
[PlyCount "123"]
[TimeControl "420+2"]

1. d4 d5 2. c4 e6 3. Nf3 Nf6 4. Nc3 c6 5. e3 Nbd7 6. Qc2 Bd6 7. Bd3 O-O 
8. O-O dxc4 9. Bxc4 b5 10. Bd3 Bb7 11. a3 a5 12. e4 e5 13. Nxe5 Nxe5 
14. dxe5 Bxe5 15. h3 Ba6 16. Rb1 Re8 17. Rd1 Qe7 18. b4 axb4 19. axb4 Bc8 
20. Ne2 Bd7 21. Be3 Bd6 22. Nd4 Nxe4 23. Nxc6 Bxc6 24. Qxc6 Bxb4 25. Bxb5 Nc3 
26. Rd7 Qe5 27. Qf3 Rf8 28. Rxb4 Nxb5 29. Qf4 Qxf4 30. Rxf4 Rac8 31. g4 Rc7 
32. Rd3 Rc3 33. Rd7 Rc7 34. Rd5 Nc3 35. Rd2 f6 36. Kg2 Re8 37. Rfd4 Kf7 
38. R2d3 Ne4 39. Rd5 Re5 40. Rxe5 fxe5 41. Kf3 Nc3 42. Kg2 Ke6 43. Bb6 Rc4 
44. Be3 Rc7 45. Bb6 Rc4 46. Be3 Nd5 47. Ra3 Nxe3+ 48. fxe3 g5 49. Ra7 Rc3 
50. Rxh7 e4 51. Rg7 Rc2+ 52. Kg3 Kf6 53. Ra7 Rc3 54. Kf2 Rc2+ 55. Ke1 Rc1+ 
56. Kd2 Rh1 57. Ke2 Rxh3 58. Ra6+ Ke5 59. Ra5+ Kf6 60. Ra6+ Ke5 61. Ra5+ Kf6 
62. Ra6+ 1/2-1/2

[Event "Sunday 29 April 2nd Tour 7+2 Rounds 9 Starts 2200 ST"]
[Site "Infinity Chess"]
[Date "2018.4.29"]
[Round "5"]
[White "star99"]
[Black "klasman"]
[Result "1/2-1/2"]
[ECO "D30"]
[WhiteElo "2518"]
[BlackElo "2509"]
[WhiteEngine "Cryptic Heroes 9.4B"]
[BlackEngine "asmFishW_2018-04-11_popcnt_CTG"]
[EventType "Swiss"]
[WhiteTeam ""]
[BlackTeam ""]
[PlyCount "116"]
[TimeControl "420+2"]

1. d4 d5 2. c4 e6 3. Nf3 Nf6 4. Nc3 c6 5. Bg5 h6 6. Bxf6 Qxf6 7. e3 Nd7 
8. Bd3 dxc4 9. Bxc4 g6 10. Qc2 Bg7 11. Rd1 Qe7 12. O-O O-O 13. Be2 b6 
14. Qa4 Bb7 15. Ba6 Bxa6 16. Qxa6 c5 17. a3 Rfd8 18. Rfe1 h5 19. h3 Qd6 
20. Rc1 cxd4 21. exd4 Qf4 22. Ne2 Qb8 23. Nc3 Nf6 24. Nb5 Ne8 25. g3 Bf6 
26. Rc6 h4 27. g4 Qf4 28. Kg2 Bg7 29. Nc3 Qb8 30. Nb5 Qf4 31. a4 e5 
32. Nxe5 Bxe5 33. Rxe5 Nf6 34. Rc3 Rxd4 35. Nxd4 Qxe5 36. Nf3 Qe6 37. Qd3 Qe4 
38. b3 Re8 39. Qxe4 Nxe4 40. Re3 Kf8 41. b4 g5 42. Nd4 f6 43. a5 bxa5 
44. bxa5 Nd6 45. Rxe8+ Kxe8 46. f4 gxf4 47. Kf3 Nf7 48. Kxf4 Ng5 49. Kf5 Nxh3 
50. Kxf6 Nf2 51. Kf5 Kf7 52. g5 h3 53. g6+ Kg7 54. Nf3 Nd3 55. Kg5 Ne5 
56. Nh2 Nxg6 57. Nf3 Nf8 58. Kf5 h2 1/2-1/2

[Event "Sunday 29 April 2nd Tour 7+2 Rounds 9 Starts 2200 ST"]
[Site "Infinity Chess"]
[Date "2018.4.29"]
[Round "4"]
[White "ludimilojko"]
[Black "Katzenmaier"]
[Result "0-1"]
[ECO "C53"]
[WhiteElo "2350"]
[BlackElo "2506"]
[WhiteEngine "stockfish_18042907_x64_CTG"]
[BlackEngine "Raubfisch X38b1"]
[EventType "Swiss"]
[WhiteTeam ""]
[BlackTeam ""]
[PlyCount "115"]
[TimeControl "420+2"]

1. e4 e5 2. Nf3 Nc6 3. Bc4 Bc5 4. c3 Nf6 5. d3 d6 6. O-O a5 7. Bg5 Ba7 
8. Nbd2 h6 9. Bh4 Qe7 10. a3 g5 11. Bg3 Nd7 12. h3 h5 13. h4 g4 14. Ne1 Nf8 
15. Nc2 Ng6 16. Ne3 Qd8 17. Nd5 Nce7 18. d4 Nxd5 19. Bxd5 O-O 20. dxe5 dxe5 
21. Ba2 Qe7 22. Qc1 Kh7 23. Nc4 Be6 24. Ne3 Nxh4 25. Bd5 c6 26. Ba2 Bxa2 
27. Bxh4 Qxh4 28. g3 Qg5 29. Rxa2 Bxe3 30. Qxe3 Qxe3 31. fxe3 Rad8 32. b4 axb4 
33. cxb4 Rd3 34. Rf5 Kg6 35. Rxe5 Rxe3 36. Kf2 Rf3+ 37. Kg2 Rd8 38. Rf5 Rxf5 
39. exf5+ Kxf5 40. Rb2 Kg5 41. b5 f5 42. a4 h4 43. gxh4+ Kxh4 44. Rf2 Kg5 
45. bxc6 bxc6 46. Ra2 f4 47. a5 g3 48. Kf3 Rd3+ 49. Ke4 f3 50. Kxd3 g2 
51. Ra1 f2 52. Ke2 g1=Q 53. Rf1 Qg4+ 54. Kxf2 Qf5+ 55. Ke2 Qb5+ 56. Kf2 c5 
57. Re1 c4 58. Re3 0-1

[Event "Sunday 29 April 2nd Tour 7+2 Rounds 9 Starts 2200 ST"]
[Site "Infinity Chess"]
[Date "2018.4.29"]
[Round "4"]
[White "fsher"]
[Black "Dovahkiin"]
[Result "1/2-1/2"]
[ECO "C53"]
[WhiteElo "2393"]
[BlackElo "2467"]
[WhiteEngine "stockfish_17060619_x64_modern_CTG"]
[BlackEngine "BrainFish_180423_x64_modern_CTG"]
[EventType "Swiss"]
[WhiteTeam ""]
[BlackTeam ""]
[PlyCount "82"]
[TimeControl "420+2"]

1. e4 e5 2. Nf3 Nc6 3. Bc4 Bc5 4. c3 Nf6 5. d3 d6 6. O-O O-O 7. Bg5 h6 8. Bh4 g5 
9. Bg3 a5 10. Na3 Rb8 11. Nb5 Bg4 12. h3 Bh5 13. Re1 Bb6 14. Na3 Bc5 15. Nb5 Bb6 
16. Bb3 Nd7 17. Na3 Qf6 18. Nc4 Bxf3 19. Qxf3 Qxf3 20. gxf3 Kg7 21. h4 Ne7 
22. Kg2 f5 23. exf5 Nxf5 24. Rh1 g4 25. fxg4 Nxg3 26. fxg3 Rf2+ 27. Kh3 Rbf8 
28. Rhe1 Nc5 29. d4 exd4 30. Re7+ Kf6 31. Rae1 d3 32. R1e3 d5 33. Nxb6 cxb6 
34. Bxd5 Rxb2 35. h5 d2 36. Rh7 d1=Q 37. Rxh6+ Kg7 38. Rg6+ Kh8 39. Rh6+ Kg7 
40. Rg6+ Kh8 41. Rh6+ Kg7 1/2-1/2

[Event "Sunday 29 April 2nd Tour 7+2 Rounds 9 Starts 2200 ST"]
[Site "Infinity Chess"]
[Date "2018.4.29"]
[Round "4"]
[White "ocirema"]
[Black "Murx"]
[Result "1/2-1/2 "]
[ECO "D31"]
[WhiteElo "2464"]
[BlackElo "2565"]
[WhiteEngine "asmFishW_9_popcnt"]
[BlackEngine "asmFishW_2018-04-07_popcnt"]
[EventType "Swiss"]
[WhiteTeam ""]
[BlackTeam ""]
[PlyCount "188"]
[TimeControl "420+2"]

1. d4 d5 2. c4 e6 3. Nc3 c6 4. Nf3 Nf6 5. Bg5 h6 6. Bh4 dxc4 7. e4 g5 8. Bg3 b5 
9. Be2 Bb7 10. h4 g4 11. Ne5 Nbd7 12. Nxd7 Qxd7 13. Be5 Qe7 14. b3 Rg8 
15. Qc2 Nd7 16. Bg3 e5 17. d5 cxd5 18. Nxd5 Qc5 19. bxc4 f5 20. h5 Rc8 
21. Rb1 f4 22. Bh4 Ba8 23. O-O f3 24. Bd1 a6 25. Qc3 Bxd5 26. exd5 Be7 
27. Bg3 Qxc4 28. Qxc4 bxc4 29. Ba4 Kd8 30. Bc6 Bg5 31. Rb7 Rg7 32. Bxe5 Nxe5 
33. Rxg7 Nxc6 34. dxc6 Rxc6 35. Rb1 Kc8 36. Rb2 c3 37. Rc2 Rc5 38. a4 Kb8 
39. gxf3 gxf3 40. Kh2 Bh4 41. Rg6 Bxf2 42. Rxf2 c2 43. Rf1 c1=Q 44. Rxc1 Rxc1 
45. Kg3 Kc7 46. Rxa6 f2 47. Kxf2 Rc2+ 48. Kf3 Rc5 49. Rxh6 Kb7 50. Rh7+ Ka6 
51. Ke3 Rd5 52. Rh8 Kb7 53. Kf4 Rc5 54. Kf3 Rc3+ 55. Ke4 Rc4+ 56. Kf5 Rc5+ 
57. Ke6 Ra5 58. Ke7 Rc5 59. Kf6 Rc6+ 60. Kg5 Rc5+ 61. Kf6 Rc6+ 62. Ke5 Rc5+ 
63. Kf4 Rc4+ 64. Kg3 Rc3+ 65. Kf2 Rc2+ 66. Ke3 Rc5 67. h6 Rc3+ 68. Kf4 Rc4+ 
69. Kf5 Rc5+ 70. Ke4 Rc6 71. Kd5 Rg6 72. Ke5 Rc6 73. Kf4 Rc4+ 74. Kf5 Rc5+ 
75. Ke4 Rc6 76. a5 Ra6 77. Kf4 Rc6 78. Kg5 Rc5+ 79. Kf4 Rc4+ 80. Ke5 Rc6 
81. Ke4 Rf6 82. Rh7+ Ka6 83. Ke5 Rc6 84. Rh8 Kb7 85. Rh7+ Ka6 86. Kf5 Rc5+ 
87. Ke4 Rc6 88. Kd3 Rd6+ 89. Ke4 Rf6 90. Kd3 Rg6 91. Kd4 Rd6+ 92. Kc3 Rf6 
93. Kd4 Rd6+ 94. Ke3 Rf6 1/2-1/2

[Event "Sunday 29 April 2nd Tour 7+2 Rounds 9 Starts 2200 ST"]
[Site "Infinity Chess"]
[Date "2018.4.29"]
[Round "4"]
[White "Gilgamesch"]
[Black "klasman"]
[Result "1/2-1/2 "]
[ECO "E90"]
[WhiteElo "2538"]
[BlackElo "2508"]
[WhiteEngine "BrainFish_180408_x64_bmi2"]
[BlackEngine "asmFishW_2018-04-11_popcnt_CTG"]
[EventType "Swiss"]
[WhiteTeam ""]
[BlackTeam ""]
[PlyCount "143"]
[TimeControl "420+2"]

1. d4 Nf6 2. c4 g6 3. Nc3 Bg7 4. e4 d6 5. Nf3 O-O 6. Be2 e5 7. O-O Nc6 8. d5 Ne7 
9. Ne1 Nd7 10. Be3 f5 11. f3 a5 12. Nd3 b6 13. a3 Kh8 14. b4 Ng8 15. Qd2 Ba6 
16. Nb2 Qh4 17. bxa5 bxa5 18. c5 Bxe2 19. Qxe2 Nxc5 20. g3 Qe7 21. Bxc5 dxc5 
22. Nc4 a4 23. Rab1 Nh6 24. Rb7 Qd8 25. Kg2 fxe4 26. fxe4 Qc8 27. Rb5 Qd7 
28. Rxc5 Rxf1 29. Qxf1 Nf7 30. h4 Qe7 31. Rc6 Nd8 32. d6 cxd6 33. Nd5 Qf8 
34. Rc7 Ne6 35. Re7 Qxf1+ 36. Kxf1 Nc5 37. Nxd6 Bf8 38. Rf7 Rb8 39. Nf6 Bg7 
40. Nfe8 Nxe4 41. Nxe4 Rxe8 42. Ra7 Bf8 43. Rxa4 Kg7 44. Ra5 Be7 45. a4 Kf7 
46. Rxe5 Ra8 47. a5 Bb4 48. Rb5 Bxa5 49. Ng5+ Kg8 50. Ne4 Ra7 51. h5 Kg7 
52. hxg6 hxg6 53. Rxa5 Rxa5 54. Kg2 Re5 55. Kf3 Rf5+ 56. Ke3 Rf8 57. g4 Kh6 
58. Nc5 g5 59. Ne4 Re8 60. Kf3 Re6 61. Nd2 Rd6 62. Ne4 Re6 63. Ng3 Rc6 
64. Ne2 Rc2 65. Ng1 Kg6 66. Kg3 Rc8 67. Ne2 Rc2 68. Ng1 Rc3+ 69. Kf2 Rc4 
70. Nf3 Rc2+ 71. Kg3 Rb2 72. Nd4 1/2-1/2

[Event "Sunday 29 April 2nd Tour 7+2 Rounds 9 Starts 2200 ST"]
[Site "Infinity Chess"]
[Date "2018.4.29"]
[Round "4"]
[White "CoffeeOne"]
[Black "star99"]
[Result "1/2-1/2"]
[ECO "B30"]
[WhiteElo "2548"]
[BlackElo "2517"]
[WhiteEngine "cfish-2018-04-29"]
[BlackEngine "Cryptic Heroes 9.4B"]
[EventType "Swiss"]
[WhiteTeam ""]
[BlackTeam ""]
[PlyCount "179"]
[TimeControl "420+2"]

1. e4 c5 2. Nf3 Nc6 3. Nc3 e5 4. Bc4 d6 5. d3 Be7 6. Nd2 Nf6 7. Nf1 Bg4 
8. f3 Be6 9. Ne3 O-O 10. O-O Rc8 11. Ncd5 Bd7 12. a4 Nxd5 13. Nxd5 Nb4 
14. c3 Nxd5 15. Bxd5 Bc6 16. Qb3 Qc7 17. Be3 b6 18. f4 exf4 19. Bxf4 Bf6 
20. Bc4 Qe7 21. Rf3 Bd7 22. h3 Rce8 23. Bd5 Be6 24. Raf1 Qd7 25. g4 Be5 
26. Be3 Bf6 27. Qb5 Qe7 28. Qc4 Qd7 29. Qb5 Qe7 30. Qc4 Qd7 31. Bf4 Be5 
32. Bd2 Bf6 33. Qb5 Qe7 34. Qc4 Qd7 35. Qb5 Qe7 36. Bxe6 fxe6 37. Kg2 Rd8 
38. Bf4 d5 39. exd5 exd5 40. a5 bxa5 41. Bg3 h6 42. Qxa5 Qb7 43. R1f2 Be7 
44. Qc7 Qxc7 45. Bxc7 Rd7 46. Rxf8+ Bxf8 47. Bf4 a5 48. Kf3 g5 49. Bg3 Re7 
50. Re2 a4 51. Rxe7 Bxe7 52. Bf2 Kf7 53. Ke3 Bd6 54. Kf3 Kg6 55. Be3 Kf7 
56. Bc1 Ke6 57. Bd2 Be5 58. Bc1 Kd6 59. Ke2 Kc6 60. Kd1 Kb5 61. Bd2 c4 
62. Kc2 Bf6 63. dxc4+ Kxc4 64. Be1 d4 65. cxd4 Bxd4 66. Ba5 Be5 67. Be1 Bd4 
68. Bd2 Bg1 69. Bc3 Bd4 70. Bxd4 Kxd4 71. Kc1 Kc4 72. Kb1 Kd4 73. Ka2 Kc4 
74. Ka1 Kb3 75. Kb1 Kb4 76. Kc2 Kc4 77. Kc1 Kb3 78. Kb1 Kb4 79. Kc2 Kc4 
80. Kb1 Kd5 81. Ka1 Ke4 82. Ka2 Kd3 83. Ka3 Kc2 84. Ka2 Kd2 85. Kb1 Kd3 
86. Ka2 Kd2 87. Kb1 Kd3 88. Ka2 Kc4 89. Ka1 Kb3 90. Kb1 1/2-1/2